Map: Fields of Shazir

Players

EveryLevel

  • Race: Terran Terran
  • League: Gold
  • Spawn Location: 3:00

Nanval

  • Race: Protoss Protoss
  • League: Platinum
  • Spawn Location: 3:00

CobraKing

  • Race: Terran Terran
  • Spawn Location: 5:00

BlackNova

  • Race: Protoss Protoss
  • Spawn Location: 9:00

Metasapien

  • Race: Zerg Zerg
  • League: Platinum
  • Spawn Location: 7:00

ace

  • Race: Protoss Protoss
  • Spawn Location: 9:00

VOD

Have the link to the VOD?

Description

Time

  • Played on: Sept. 23, 2017, 8:25 p.m.
  • Length: 12:13
Show
View Real Time Build Order
Export as new Build Order

EveryLevel Terran 

Build Orders:  

Get SALT Encoding   

  12  0:02  SCV  
  13  0:19  SCV, Supply Depot  
  14  0:31  SCV  
  14  0:35  Refinery  
  15  0:45  Barracks  
  15  0:52  SCV  
  17  1:04  SCV  
  17  1:16  SCV  
  18  1:33  Marine  
  19  1:45  Factory  
  19  1:51  Orbital Command  
  19  2:11  Command Center  
  19  2:21  Refinery  
  19  2:31  SCV  
  19  2:36  Factory Reactor  
  20  2:43  SCV  
  21  2:52  Barracks Reactor  
  21  2:55  SCV  
  22  2:59  Barracks  
  22  3:07  SCV  
  23  3:22  SCV, Cyclone x2  
  30  3:32  Supply Depot  
  30  3:39  Marine x2  
  31  3:54  SCV  
  31  3:55  Supply Depot  
  32  4:01  Barracks Tech Lab  
  32  4:12  Orbital Command  
  32  4:17  SCV  
  32  4:18  Engineering Bay  
  32  4:20  Cyclone  
  36  4:27  Stimpack  
  36  4:29  SCV  
  37  4:34  Marine  
  38  4:41  SCV  
  38  4:44  Cyclone  
  38  4:45  Supply Depot  
  42  4:49  SCV  
  43  4:53  SCV  
  43  4:54  Terran Infantry Weapons Level 1  
  44  5:00  Supply Depot  
  44  5:01  Marine  
  44  5:03  Marine x2  
  44  5:06  SCV  
  48  5:08  SCV  
  47  5:29  Marine x3  
  48  5:47  Marine x3  
  48  5:49  Starport  
  51  5:52  Starport  
  51  5:55  Armory  
  51  6:10  SCV x2  
  53  6:22  SCV, Marine x2  
  53  6:23  Marine  
  57  6:30  Starport Reactor  
  57  6:31  Starport Tech Lab  
  57  6:36  Refinery  
  57  6:40  Marine x2  
  57  6:41  Marine  
  57  6:42  Refinery  
  57  6:44  SCV x2  
  62  6:48  Terran Infantry Armor Level 1  
  62  6:56  SCV x2  
  62  7:01  Marine, Supply Depot  
  64  7:02  Supply Depot  
  64  7:04  Raven  
  64  7:05  Command Center  
  64  7:08  SCV, Supply Depot  
  68  7:16  SCV  
  68  7:20  Marine  
  68  7:22  SCV, Marine x2  
  73  7:25  Medivac  
  73  7:28  SCV  
  76  7:34  SCV  
  75  7:46  Marine x2  
  75  7:47  Marine  
  73  7:56  Cyclone x2  
  59  8:04  Marine x3  
  46  8:22  Marine x3  
  46  8:28  Cyclone  
  46  8:29  SCV x2  
  49  8:40  Marine x2  
  49  8:41  SCV, Marine  
  52  8:42  SCV  
  52  8:45  Cyclone  
  52  8:47  Viking  
  59  8:49  Medivac  
  59  8:54  SCV x2  
  63  8:58  Marine x3  
  66  9:15  Marine  
  66  9:16  Marine x2  
  69  9:19  Raven  
  69  9:22  Hellbat  
  73  9:33  Marine x2  
  73  9:34  Marine  
  76  9:49  Cyclone  
  76  9:50  Hellbat  
  76  9:51  Marine x2  
  76  9:52  Marine  
  84  10:08  Orbital Command  
  84  10:09  Marine x2  
  80  10:21  Marine  
  80  10:23  Medivac  
  80  10:27  Marine x2  
  73  10:39  Marine  
  73  10:40  Cyclone  
  71  10:44  Marine  
  71  10:45  Marine  
  71  10:48  SCV  
  70  10:57  Marine  
  70  11:00  SCV  
  70  11:02  Marine x2  
  71  11:11  Medivac  
  71  11:12  SCV  
  71  11:15  Marine  
  75  11:20  Marine x2  
  75  11:24  SCV  
  78  11:32  Marine  
  78  11:38  Marine x2  
  81  11:41  Barracks  
  81  11:43  Barracks  
  81  11:50  Marine  
Show
View Real Time Build Order
Export as new Build Order

Nanval Protoss 

Build Orders: Nexus First 

Get SALT Encoding   

  12  0:04  Probe (Chrono Boost)  
  13  0:15  Probe (Chrono Boost)  
  14  0:23  Pylon  
  14  0:25  Probe (Chrono Boost)  
  15  0:41  Probe (Chrono Boost)  
  16  0:52  Probe (Chrono Boost)  
  17  1:01  Nexus  
  17  1:10  Probe (Chrono Boost)  
  18  1:12  Assimilator  
  18  1:21  Probe (Chrono Boost), Assimilator  
  19  1:29  Gateway  
  19  1:32  Probe (Chrono Boost)  
  20  1:42  Probe (Chrono Boost)  
  20  1:46  Pylon  
  21  1:53  Probe (Chrono Boost)  
  22  2:03  Probe (Chrono Boost)  
  23  2:14  Probe (Chrono Boost)  
  24  2:18  Cybernetics Core  
  24  2:26  Probe x2 (Chrono Boost)  
  26  2:31  Assimilator  
  28  2:37  Probe x2 (Chrono Boost)  
  28  2:46  Assimilator  
  28  2:47  Probe x2 (Chrono Boost)  
  30  2:52  Pylon  
  30  2:58  Probe x2 (Chrono Boost)  
  32  3:02  Stargate  
  32  3:08  Probe x2 (Chrono Boost)  
  34  3:17  Stargate  
  34  3:19  Probe x2 (Chrono Boost)  
  36  3:26  Protoss Air Weapons Level 1  
  36  3:30  Probe x2 (Chrono Boost)  
  38  3:42  Probe x2 (Chrono Boost)  
  38  3:46  Void Ray (Chrono Boost)  
  44  3:53  Probe x2 (Chrono Boost), Pylon  
  46  4:00  Void Ray (Chrono Boost)  
  50  4:06  Probe x2  
  52  4:15  Pylon  
  52  4:26  Void Ray (Chrono Boost)  
  56  4:34  Mothership Core  
  58  4:40  Void Ray (Chrono Boost)  
  58  4:43  Probe  
  63  4:52  Pylon  
  63  4:57  Pylon  
  63  5:02  Stargate  
  63  5:08  Void Ray (Chrono Boost)  
  67  5:20  Protoss Air Armor Level 1  
  67  5:21  Nexus  
  67  5:24  Void Ray (Chrono Boost)  
  71  5:34  Pylon  
  71  5:41  Forge  
  71  5:46  Cybernetics Core  
  75  5:53  Void Ray (Chrono Boost)  
  75  5:54  Void Ray (Chrono Boost)  
  79  6:03  Void Ray (Chrono Boost)  
  83  6:05  Assimilator  
  83  6:15  Protoss Shields Level 1  
  83  6:20  Probe x2  
  85  6:31  Fleet Beacon  
  85  6:32  Probe x2  
  86  6:34  Probe  
  92  6:44  Void Ray (Chrono Boost), Probe  
  97  6:47  Void Ray (Chrono Boost)  
  97  6:52  Probe  
  97  6:53  Probe  
  99  6:56  Probe  
  100  7:02  Probe  
  100  7:05  Probe  
  100  7:08  Void Ray (Chrono Boost)  
  106  7:09  Probe  
  106  7:13  Probe, Pylon  
  108  7:16  Pylon x2  
  108  7:17  Probe  
  109  7:24  Protoss Air Weapons Level 2  
  109  7:30  Protoss Air Armor Level 2  
  109  7:31  Probe  
  109  7:32  Probe  
  109  7:33  Probe  
  109  7:36  Assimilator  
  116  7:45  Probe x2  
  116  7:49  Void Ray (Chrono Boost)  
  118  8:10  Void Ray x2 (Chrono Boost)  
  121  8:23  Robotics Facility  
  112  8:27  Probe  
  112  8:28  Probe x2  
  98  8:40  Probe x2  
  63  9:04  Void Ray (Chrono Boost)  
  63  9:09  Void Ray (Chrono Boost)  
  32  10:27  Probe  
  32  10:28  Probe  
  34  10:38  Probe  
  35  10:46  Probe  
Show
View Real Time Build Order
Export as new Build Order

CobraKing Terran 

Build Orders:  

Get SALT Encoding   

  12  0:01  SCV  
  13  0:13  SCV  
  14  0:20  Supply Depot  
  14  0:29  SCV  
  14  0:33  Refinery  
  15  0:42  SCV  
  16  0:51  Barracks  
  16  0:56  SCV  
  17  1:08  SCV  
  18  1:14  Refinery  
  18  1:20  SCV  
  19  1:39  Barracks  
  19  1:45  Bunker  
  19  1:49  Factory  
  19  1:50  Marine  
  21  1:58  Orbital Command  
  20  2:16  Supply Depot  
  20  2:19  Marine  
  21  2:24  SCV  
  22  2:36  SCV  
  23  2:37  Widow Mine  
  25  2:45  Supply Depot  
  25  2:55  Engineering Bay, Marine  
  26  2:59  SCV  
  27  3:06  Widow Mine  
  27  3:11  SCV  
  30  3:13  Marine  
  31  3:23  SCV  
  32  3:27  Command Center  
  32  3:38  Missile Turret  
  32  3:50  Missile Turret  
  32  3:57  SCV  
  32  3:59  Supply Depot  
  33  4:07  Factory Tech Lab  
  33  4:09  Factory, SCV  
  34  4:20  Armory  
  34  4:22  SCV  
  34  4:23  Supply Depot  
  35  4:33  Siege Tank  
  35  4:34  SCV  
  39  4:45  Orbital Command  
  39  4:57  Missile Turret, Factory Tech Lab  
  39  5:06  SCV  
  40  5:15  Siege Tank  
  43  5:28  SCV  
  44  5:40  SCV  
  45  5:48  Barracks Reactor  
  45  5:50  Command Center  
  45  5:52  Barracks  
  45  6:00  Refinery x2  
  45  6:18  SCV  
  46  6:24  SCV  
  47  6:30  SCV  
  48  6:36  SCV  
  49  6:42  Terran Vehicle And Ship Armor Level 1  
  49  6:48  SCV  
  49  6:49  Starport  
  49  6:52  Starport  
  49  6:53  Barracks Reactor  
  50  6:55  Thor x2  
  62  7:18  Missile Turret  
  62  7:27  Supply Depot  
  62  7:30  Starport Reactor  
  62  7:31  Starport Reactor  
  62  7:39  Thor x2  
  74  7:50  Supply Depot  
  74  8:14  Missile Turret  
  74  8:48  Thor x2  
  80  8:51  Marine x4  
  90  9:07  Supply Depot x2  
  90  9:09  Marine x2  
  92  9:11  Viking x2  
  92  9:12  Viking x2  
  92  9:16  Marine  
  101  9:18  Barracks  
  101  9:28  Marine x3  
  101  9:30  Supply Depot  
  101  9:31  Thor  
  110  9:33  Marine  
  109  9:41  Viking  
  109  9:44  Viking x2  
  115  9:46  Marine x2  
  115  9:51  Marine x2  
  106  10:57  Thor x2  
  106  10:58  Barracks Reactor  
  106  10:59  Marine x3  
  106  11:00  Marine  
  122  11:10  Orbital Command  
  122  11:17  Missile Turret  
  114  11:39  Command Center, Supply Depot  
  114  11:40  Missile Turret  
  122  11:54  Marine  
  122  11:55  Marine x5  
  122  11:57  SCV  
  122  11:59  SCV  
  130  12:03  Refinery, Supply Depot  
Show
View Real Time Build Order
Export as new Build Order

BlackNova Protoss 

Build Orders: Colossus Rush 

Get SALT Encoding   

  12  0:05  Probe (Chrono Boost)  
  13  0:16  Probe (Chrono Boost)  
  14  0:28  Probe (Chrono Boost)  
  15  0:41  Pylon  
  15  0:50  Assimilator  
  15  0:59  Probe (Chrono Boost)  
  16  1:10  Probe (Chrono Boost)  
  16  1:11  Gateway  
  17  1:14  Forge  
  17  1:19  Pylon  
  17  1:20  Probe (Chrono Boost)  
  18  1:38  Pylon  
  18  1:40  Probe (Chrono Boost)  
  19  1:49  Assimilator  
  19  1:51  Probe (Chrono Boost)  
  20  2:00  Gateway  
  20  2:01  Probe (Chrono Boost)  
  20  2:07  Photon Cannon  
  21  2:13  Pylon  
  21  2:27  Probe (Chrono Boost)  
  21  2:32  Cybernetics Core  
  21  2:37  Probe (Chrono Boost)  
  22  2:54  Probe (Chrono Boost)  
  23  3:08  Warp Gate (Chrono Boost)  
  23  3:12  Robotics Facility  
  23  3:13  Mothership Core (Chrono Boost)  
  25  3:32  Pylon  
  25  3:34  Probe  
  25  3:35  Gateway  
  25  3:37  Gateway  
  28  3:44  Sentry (Chrono Boost)  
  28  3:46  Probe  
  29  4:01  Robotics Bay  
  29  4:09  Observer (Chrono Boost)  
  30  4:34  Nexus  
  30  4:38  Pylon  
  30  4:41  Pylon  
  30  4:49  Colossus (Chrono Boost)  
  36  5:16  Probe  
  36  5:17  Extended Thermal Lance (Chrono Boost)  
  37  5:28  Probe  
  38  5:40  Probe, Assimilator  
  39  5:45  Assimilator  
  39  5:52  Probe  
  39  5:54  Colossus (Chrono Boost)  
  46  6:09  Probe x2  
  48  6:13  Pylon  
  48  6:20  Pylon  
  48  6:23  Probe  
  49  6:35  Probe  
  50  6:46  Colossus (Chrono Boost)  
  56  6:50  Stalker x2  
  56  6:53  Probe  
  61  7:04  Probe  
  61  7:06  Probe  
  63  7:15  Probe  
  63  7:18  Probe  
  65  7:25  Probe  
  66  7:30  Probe  
  66  7:36  Probe  
  58  8:08  Probe  
  58  8:09  Probe  
  60  8:19  Probe  
  60  8:21  Probe  
  60  8:22  Pylon  
  60  8:23  Nexus  
  60  8:24  Pylon  
  62  8:29  Probe, Pylon  
  62  8:33  Probe  
  64  8:35  Stargate  
  64  8:37  Stargate  
  64  8:40  Probe, Stargate  
  64  8:45  Probe  
  64  8:46  Observer Gravitic Boosters  
  66  8:50  Probe, Stargate  
  66  8:52  Pylon  
  67  8:57  Probe  
  67  9:01  Assimilator  
  68  9:06  Assimilator  
  68  9:09  Probe  
  69  9:11  Pylon  
  69  9:13  Pylon  
  69  9:15  Pylon  
  69  9:21  Probe  
  69  9:22  Pylon  
  70  9:43  Phoenix x4  
  72  10:08  Phoenix x3  
  78  10:19  Stalker  
  78  10:20  Stalker x3  
  54  11:02  Void Ray (Chrono Boost)  
  69  11:07  Void Ray x3 (Chrono Boost)  
  66  11:17  Probe  
  49  11:28  Probe  
  50  11:39  Sentry  
  52  11:40  Sentry  
  52  11:44  Probe  
  71  11:55  Probe  
Show
View Real Time Build Order
Export as new Build Order

Metasapien Zerg 

Build Orders: Hatch First 

Get SALT Encoding   

  12  0:06  Drone  
  13  0:16  Overlord  
  13  0:21  Drone  
  13  0:27  Extractor  
  13  0:28  Drone  
  14  0:35  Drone  
  15  0:59  Hatchery  
  15  1:01  Drone  
  16  1:11  Drone  
  16  1:20  Spawning Pool  
  16  1:25  Drone  
  16  1:29  Drone  
  17  1:39  Drone  
  18  1:41  Drone  
  19  2:01  Overlord  
  19  2:07  Drone  
  20  2:14  Drone  
  21  2:19  Drone  
  21  2:22  Hatchery  
  21  2:24  Zergling x4  
  23  2:35  Metabolic Boost  
  23  2:38  Drone  
  24  2:53  Drone, Extractor  
  24  2:58  Zergling x4  
  24  2:59  Drone  
  24  3:01  Drone  
  24  3:04  Queen  
  30  3:08  Overlord  
  30  3:17  Queen  
  32  3:21  Drone  
  32  3:24  Overlord  
  33  3:30  Drone x2  
  35  3:35  Overlord  
  35  3:36  Drone  
  36  3:57  Lair  
  36  4:06  Drone x2, Queen  
  36  4:09  Drone x3  
  43  4:12  Drone x4  
  43  4:16  Extractor  
  46  4:18  Drone  
  46  4:21  Overlord  
  47  4:27  Drone  
  47  4:28  Drone x2  
  50  4:35  Drone  
  50  4:37  Spine Crawler  
  50  4:40  Overlord  
  50  4:48  Drone  
  50  4:52  Drone x2  
  53  4:53  Extractor  
  53  4:55  Zergling x8  
  53  4:59  Overlord  
  56  5:01  Drone x2  
  59  5:28  Drone x3  
  59  5:29  Drone x2  
  59  5:35  Hydralisk Den  
  62  5:40  Drone  
  62  5:41  Spire  
  62  5:42  Drone x4  
  66  5:43  Drone x2  
  68  5:51  Extractor  
  68  5:54  Extractor  
  66  6:03  Overlord x5  
  66  6:04  Overlord x2  
  66  6:15  Muscular Augments  
  66  6:18  Hydralisk x6  
  66  6:19  Hydralisk x3  
  66  6:25  Drone x2  
  86  6:47  Queen  
  86  6:50  Drone x3  
  86  6:52  Hydralisk  
  86  6:53  Hydralisk x6  
  86  6:54  Hydralisk  
  105  6:56  Hydralisk  
  109  7:02  Spore Crawler  
  109  7:04  Drone x2, Spore Crawler  
  109  7:06  Drone x2  
  109  7:07  Drone  
  112  7:12  Spore Crawler  
  112  7:14  Spore Crawler  
  110  7:16  Drone  
  110  7:17  Drone x2  
  113  7:23  Pneumatized Carapace  
  113  7:29  Evolution Chamber  
  112  7:30  Hydralisk, Evolution Chamber, Corruptor x2  
  112  7:33  Zergling x4  
  112  7:34  Zergling x2  
  112  7:58  Hydralisk x4  
  106  7:59  Hydralisk x6  
  114  8:06  Zergling x6  
  114  8:07  Zergling x4  
  119  8:15  Zerg Ground Armor Level 1  
  119  8:16  Zerg Missile Weapons Level 1  
  119  8:42  Hydralisk x3  
  119  8:43  Hydralisk  
  119  8:44  Drone  
  119  8:45  Drone  
  119  8:46  Zergling x2, Mutalisk  
  119  8:48  Hydralisk  
  134  9:04  Overlord x4  
  134  9:22  Hydralisk x5  
  134  9:23  Hydralisk x4  
  125  9:45  Hydralisk  
  107  9:46  Hydralisk x8  
  122  9:57  Hydralisk x2  
  102  10:10  Hydralisk x2  
  93  10:23  Spine Crawler  
  93  10:25  Spine Crawler  
  93  10:26  Spine Crawler  
  93  10:27  Spine Crawler  
  69  10:28  Spine Crawler  
  69  10:30  Spore Crawler  
  69  10:31  Spore Crawler  
  69  10:35  Hydralisk x5  
  63  10:47  Hydralisk  
  63  10:48  Hydralisk  
  54  11:19  Hydralisk x5  
  54  11:20  Hydralisk x6  
  56  11:45  Spine Crawler  
  56  11:46  Spine Crawler  
  56  11:47  Spine Crawler  
  47  11:48  Spine Crawler  
  41  11:54  Zergling x6  
Show
View Real Time Build Order
Export as new Build Order

ace Protoss 

Build Orders: Double Forge, Nexus First 

Get SALT Encoding   

  12  0:03  Probe (Chrono Boost)  
  13  0:13  Probe (Chrono Boost)  
  14  0:24  Pylon  
  14  0:25  Probe (Chrono Boost)  
  16  0:42  Probe (Chrono Boost)  
  16  0:53  Probe (Chrono Boost)  
  17  1:03  Nexus  
  17  1:14  Gateway  
  17  1:16  Probe (Chrono Boost)  
  18  1:26  Probe (Chrono Boost), Assimilator  
  19  1:41  Assimilator  
  19  1:46  Gateway  
  19  1:48  Pylon  
  19  1:50  Probe (Chrono Boost)  
  20  2:00  Probe (Chrono Boost)  
  21  2:11  Probe (Chrono Boost)  
  22  2:19  Cybernetics Core  
  22  2:24  Gateway  
  22  2:27  Pylon  
  22  2:28  Probe (Chrono Boost)  
  23  2:32  Probe (Chrono Boost)  
  24  2:39  Probe (Chrono Boost)  
  24  2:42  Probe (Chrono Boost)  
  26  2:45  Pylon  
  26  2:49  Probe (Chrono Boost)  
  27  2:52  Probe (Chrono Boost)  
  27  2:58  Warp Gate (Chrono Boost)  
  28  3:00  Probe  
  28  3:02  Probe  
  30  3:12  Stalker x2  
  34  3:17  Stalker  
  36  3:20  Probe x2  
  38  3:28  Pylon  
  38  3:36  Probe, Forge  
  38  3:40  Probe  
  40  3:48  Probe  
  40  3:51  Probe  
  40  3:54  Gateway  
  42  4:01  Probe x2  
  43  4:04  Assimilator x2  
  43  4:07  Forge  
  44  4:12  Twilight Council  
  44  4:16  Pylon  
  44  4:20  Protoss Ground Weapons Level 1  
  44  4:27  Photon Cannon  
  44  4:28  Mothership Core  
  46  4:36  Stalker x2  
  50  5:06  Dark Shrine  
  50  5:14  Pylon  
  50  5:18  Probe  
  50  5:20  Probe, Photon Cannon  
  52  5:29  Probe  
  52  5:31  Pylon  
  52  5:32  Probe  
  54  5:37  Protoss Ground Armor Level 1  
  54  5:45  Nexus  
  54  5:48  Pylon  
  54  5:50  Probe  
  54  5:51  Probe  
  56  5:59  Robotics Facility  
  56  6:02  Robotics Facility  
  56  6:03  Probe  
  57  6:07  Pylon  
  57  6:15  Probe  
  57  6:16  Probe  
  59  6:18  Protoss Ground Weapons Level 2  
  59  6:31  Dark Templar  
  59  6:32  Dark Templar x2  
  63  6:33  Dark Templar  
  67  6:46  Warp Prism (Chrono Boost)  
  69  6:53  Observer (Chrono Boost)  
  68  7:03  Probe x2  
  68  7:04  Probe  
  71  7:09  Assimilator  
  71  7:12  Pylon  
  71  7:13  Probe x2  
  77  7:16  Probe  
  77  7:17  Immortal (Chrono Boost)  
  77  7:22  Pylon  
  78  7:30  Dark Templar x4  
  78  7:34  Probe x2  
  78  7:35  Probe  
  89  7:47  Probe  
  89  7:48  Assimilator  
  86  8:26  Stalker x4  
  89  8:51  Stalker  
  89  8:52  Stalker x3  
  88  9:15  Stalker x3  
  88  9:16  Stalker  
  72  9:27  Immortal (Chrono Boost)  
  79  9:32  Immortal (Chrono Boost)  
  67  9:56  Stalker x4  
  67  10:09  Pylon  
  67  10:19  Stalker  
  67  10:20  Stalker x3  
Tags
 
Add a new tag
Caveats
  • Supply blocks, unpowered buildings, or Contaminate may cause inaccurate times.
  • Supply counts are checked every 10 seconds.